APP
BRISTOL PIRATES @ BILLINGS MUSTANGS
08/25/2046
 
TOP OF THE 1ST
Bristol Pirates batting - Pitching for Billings Mustangs : RHP Taneo Kobayashi
Pitching: RHP Taneo Kobayashi
Batting: SHB Don Hauk 0-0: Ball
1-0: Ball
2-0: Swinging Strike
2-1: Ball
3-1: Swinging Strike
3-2: Foul Ball, location: 2F
3-2: Strikes out swinging
Batting: RHB Pete Hutton 0-0: Called Strike
0-1: Swinging Strike
0-2: Ball
1-2: Hit by Pitch
Batting: LHB Randy Boone 0-0: Called Strike
0-1: Fly out, F4 (Popup, 34, EV 73.8 MPH)
Batting: RHB Randy Bergman 0-0: Ball
1-0: Ball
2-0: Swinging Strike
2-1: Swinging Strike
2-2: Foul Ball, location: 2F
2-2: Foul Ball, location: 2F
2-2: Foul Ball, location: 2F
2-2: Strikes out swinging
Top of the 1st over - 0 runs, 0 hits, 0 errors, 1 left on base; Bristol 0 - Billings 0
BOTTOM OF THE 1ST
Billings Mustangs batting - Pitching for Bristol Pirates : LHP Alfredo Carranza
Pitching: LHP Alfredo Carranza
Batting: LHB Jeremy Robertson 0-0: Called Strike
0-1: Fly out, F9 (Line Drive, 9S, EV 96.2 MPH)
Batting: SHB David Garnica 0-0: Ball
1-0: Ball
2-0: Called Strike
2-1: Swinging Strike
2-2: Foul Ball, location: 2F
2-2: Strikes out looking
Batting: RHB Jake Savell 0-0: Called Strike
0-1: Ball
1-1: Foul Ball, location: 2F
1-2: Foul Ball, location: 2F
1-2: Fly out, F8 (Flyball, 8RD, EV 95.0 MPH)
Bottom of the 1st over - 0 runs, 0 hits, 0 errors, 0 left on base; Bristol 0 - Billings 0
TOP OF THE 2ND
Bristol Pirates batting - Pitching for Billings Mustangs : RHP Taneo Kobayashi
Batting: RHB Steve Terres 0-0: Called Strike
0-1: Ball
1-1: Ball
2-1: Ball
3-1: Ground out 4-3 (Groundball, 4S, EV 85.0 MPH)
Batting: RHB Andrew DeRicco 0-0: Ball
1-0: Foul Ball, location: 2F
1-1: Ground out 6-3 (Groundball, 6, EV 96.2 MPH)
Batting: RHB Frank Elizondo 0-0: Called Strike
0-1: Ball
1-1: Fly out, F7 (Flyball, 7LS, EV 78.8 MPH)
Top of the 2nd over - 0 runs, 0 hits, 0 errors, 0 left on base; Bristol 0 - Billings 0
BOTTOM OF THE 2ND
Billings Mustangs batting - Pitching for Bristol Pirates : LHP Alfredo Carranza
Batting: RHB Andy Bachman 0-0: Ball
1-0: Foul Ball, location: 2F
1-1: Foul Ball, location: 2F
1-2: Foul Ball, location: 2F
1-2: Ball
2-2: Fly out, F7 (Flyball, 78M, EV 82.5 MPH)
Batting: RHB Sang-ton Pak 0-0: Ball
1-0: Swinging Strike
1-1: Ball
2-1: Ball
3-1: Ground out 6-3 (Groundball, 6, EV 83.8 MPH)
Batting: RHB Yutaka Sato 0-0: Ball
1-0: Foul Ball, location: 2F
1-1: Foul Ball, location: 2F
1-2: Ball
2-2: Foul Ball, location: 2F
2-2: Strikes out looking
Bottom of the 2nd over - 0 runs, 0 hits, 0 errors, 0 left on base; Bristol 0 - Billings 0
TOP OF THE 3RD
Bristol Pirates batting - Pitching for Billings Mustangs : RHP Taneo Kobayashi
Batting: RHB Alain Marquet 0-0: Called Strike
0-1: Swinging Strike
0-2: Ball
1-2: Strikes out swinging
Batting: RHB Rob Colley 0-0: Ground out 4-3 (Groundball, 4, EV 98.8 MPH)
Batting: SHB Don Hauk 0-0: Called Strike
0-1: Foul Ball, location: 2F
0-2: Ball
1-2: Strikes out swinging
Top of the 3rd over - 0 runs, 0 hits, 0 errors, 0 left on base; Bristol 0 - Billings 0
BOTTOM OF THE 3RD
Billings Mustangs batting - Pitching for Bristol Pirates : LHP Alfredo Carranza
Pitching: RHP Onne Stubbe
Batting: LHB Armando Arellano 0-0: Called Strike
0-1: Ground out U3 (Groundball, 34, EV 83.8 MPH)
Batting: SHB Gustavo Froio 0-0: Called Strike
0-1: Ball
1-1: Ball
2-1: Swinging Strike
2-2: Ball
3-2: Base on Balls
Batting: LHB William Matthews 0-0: Ball
Gustavo Froio is caught stealing 2nd base 2-6
1-0: Swinging Strike
1-1: Called Strike
1-2: Ball
2-2: Ground out 5-3 (Groundball, 56S, EV 88.8 MPH)
Bottom of the 3rd over - 0 runs, 0 hits, 0 errors, 0 left on base; Bristol 0 - Billings 0
TOP OF THE 4TH
Bristol Pirates batting - Pitching for Billings Mustangs : RHP Taneo Kobayashi
Pitching: RHP Joe Green
Batting: RHB Pete Hutton 0-0: Foul Ball, location: 2F
0-1: Foul Ball, location: 2F
0-2: Strikes out swinging
Batting: LHB Randy Boone 0-0: Ball
1-0: Ground out 1-3 (Groundball, 23, EV 66.2 MPH)
Batting: RHB Randy Bergman 0-0: Ball
1-0: Called Strike
1-1: SINGLE (Line Drive, 7S, EV 105.0 MPH)
Batting: RHB Steve Terres 0-0: Ball
1-0: DOUBLE (Line Drive, 89D, EV 106.9 MPH)
Randy Bergman to third
Batting: RHB Andrew DeRicco 0-0: Called Strike
0-1: Ball
1-1: Ball
2-1: Swinging Strike
2-2: Foul Ball, location: 2F
2-2: Ball
3-2: Base on Balls
Batting: RHB Frank Elizondo 0-0: Ball
1-0: GRAND SLAM HOME RUN (Flyball, 7D, EV 100.0 MPH), Distance : 382 ft
Batting: RHB Alain Marquet 0-0: Called Strike
0-1: Foul Ball, location: 2F
0-2: Strikes out looking
Top of the 4th over - 4 runs, 3 hits, 0 errors, 0 left on base; Bristol 4 - Billings 0
BOTTOM OF THE 4TH
Billings Mustangs batting - Pitching for Bristol Pirates : RHP Onne Stubbe
Batting: LHB Jeremy Robertson 0-0: Ball
1-0: Hit by Pitch
Batting: SHB David Garnica 0-0: Called Strike
0-1: Ball
1-1: Ball
Jeremy Robertson steals 2nd base
2-1: Foul Ball, location: 2F
2-2: Foul Ball, location: 2F
2-2: SINGLE (Flyball, 3D, EV 88.1 MPH)
Jeremy Robertson to third
Batting: RHB Jake Savell 0-0: Ball
1-0: Fielders Choice at 2nd, 3-6 (Groundball, 3, EV 90.0 MPH)
Jeremy Robertson scores
Batting: RHB Andy Bachman 0-0: Called Strike
0-1: Ball
1-1: Ball
Jake Savell is caught stealing 2nd base 2-4
2-1: Ball
3-1: Foul Ball, location: 2F
3-2: Base on Balls
Batting: RHB Sang-ton Pak 0-0: Called Strike
Andy Bachman steals 2nd, throwing error, E2
Andy Bachman to third
0-1: Ball
1-1: Foul Ball, location: 2F
1-2: Ground out 5-3 (Groundball, 56, EV 110.0 MPH)
Bottom of the 4th over - 1 run, 1 hit, 1 error, 1 left on base; Bristol 4 - Billings 1
TOP OF THE 5TH
Bristol Pirates batting - Pitching for Billings Mustangs : RHP Joe Green
Batting: RHB Rob Colley 0-0: Ball
1-0: Ball
2-0: Called Strike
2-1: Foul Ball, location: 2F
2-2: Ball
3-2: Base on Balls
Batting: SHB Don Hauk 0-0: Ball
1-0: Foul Ball, location: 2F
1-1: Ball
2-1: Ball
3-1: Base on Balls
Rob Colley to second
Batting: RHB Pete Hutton 0-0: Swinging Strike
0-1: Ball
1-1: Ball
2-1: Foul Ball, location: 2F
2-2: Strikes out swinging
Batting: LHB Randy Boone 0-0: Foul Ball, location: 2F
0-1: Ball
1-1: Swinging Strike
1-2: Ball
Wild Pitch!
Rob Colley to third
Don Hauk to second
2-2: Foul Ball, location: 2F
2-2: Ground out U3 (Groundball, 3L, EV 90.0 MPH)
Batting: RHB Randy Bergman 0-0: Ball
1-0: Called Strike
1-1: Ball
2-1: Ball
3-1: Foul Ball, location: 2F
3-2: Strikes out swinging
Top of the 5th over - 0 runs, 0 hits, 0 errors, 2 left on base; Bristol 4 - Billings 1
BOTTOM OF THE 5TH
Billings Mustangs batting - Pitching for Bristol Pirates : RHP Onne Stubbe
Batting: RHB Yutaka Sato 0-0: Ball
1-0: Ball
2-0: Ball
3-0: Base on Balls
Batting: LHB Armando Arellano 0-0: Ball
Yutaka Sato is caught stealing 2nd base 2-6
1-0: Called Strike
1-1: Fly out, F9 (Flyball, 9D, EV 90.0 MPH)
Batting: SHB Gustavo Froio 0-0: Ball
1-0: Ball
2-0: Ground out 4-3 (Groundball, 4, EV 84.4 MPH)
Bottom of the 5th over - 0 runs, 0 hits, 0 errors, 0 left on base; Bristol 4 - Billings 1
TOP OF THE 6TH
Bristol Pirates batting - Pitching for Billings Mustangs : RHP Joe Green
Batting: RHB Steve Terres 0-0: Called Strike
0-1: Called Strike
0-2: Ball
1-2: Fly out, F9 (Flyball, 9, EV 86.9 MPH)
Batting: RHB Andrew DeRicco 0-0: Called Strike
0-1: Ball
1-1: SINGLE (Line Drive, 9LS, EV 100.0 MPH)
Batting: RHB Frank Elizondo 0-0: Ball
Andrew DeRicco steals 2nd base
1-0: Called Strike
1-1: Foul Ball, location: 2F
1-2: Foul Ball, location: 2F
1-2: DOUBLE (Flyball, 8LD, EV 106.2 MPH)
Andrew DeRicco scores
Pitching: RHP Markus Bevan
Batting: RHB Alain Marquet 0-0: Ball
1-0: Ball
2-0: Foul Ball, location: 2F
2-1: Called Strike
2-2: Ground out 5-3 (Groundball, 5L, EV 103.1 MPH)
Batting: RHB Rob Colley 0-0: Swinging Strike
0-1: Ball
1-1: SINGLE (Flyball, 3D, EV 89.4 MPH)
Frank Elizondo to third
Batting: SHB Don Hauk 0-0: Ball
1-0: Ball
2-0: Ball
3-0: Called Strike
3-1: Foul Ball, location: 2F
3-2: Foul Ball, location: 2F
3-2: Strikes out swinging
Top of the 6th over - 1 run, 3 hits, 0 errors, 2 left on base; Bristol 5 - Billings 1
BOTTOM OF THE 6TH
Billings Mustangs batting - Pitching for Bristol Pirates : RHP Onne Stubbe
Batting: LHB William Matthews 0-0: Ball
1-0: Called Strike
1-1: Ball
2-1: Foul Ball, location: 2F
2-2: Ball
3-2: Base on Balls
Batting: LHB Jeremy Robertson 0-0: Called Strike
0-1: Ball
1-1: Grounds into double play, 6-4-3 (Groundball, 6, EV 112.5 MPH)
Batting: SHB David Garnica 0-0: Ball
1-0: Foul Ball, location: 2F
1-1: Ball
2-1: Ball
3-1: Base on Balls
Batting: RHB Jake Savell 0-0: Called Strike
0-1: Ball
1-1: Ball
2-1: SINGLE (Groundball, 34D, EV 100.6 MPH)
David Garnica to second
Pitching: RHP Erik Mulligan
Batting: RHB Andy Bachman 0-0: Ball
1-0: Called Strike
1-1: Foul Ball, location: 2F
1-2: Foul Ball, location: 2F
1-2: Foul Ball, location: 2F
1-2: Reached on error, E3 (Groundball, 34, EV 97.5 MPH)
David Garnica to third
Jake Savell to second
Batting: RHB Sang-ton Pak 0-0: Fielders Choice at 2nd, 5-4 (Groundball, 5, EV 88.8 MPH)
Bottom of the 6th over - 0 runs, 1 hit, 1 error, 3 left on base; Bristol 5 - Billings 1
TOP OF THE 7TH
Bristol Pirates batting - Pitching for Billings Mustangs : RHP Markus Bevan
Batting: RHB Pete Hutton 0-0: Foul Ball, location: 2F
0-1: Swinging Strike
0-2: Strikes out looking
Batting: LHB Randy Boone 0-0: Ball
1-0: Ball
2-0: Reached on error, E6 (Groundball, 6, EV 82.5 MPH)
Batting: RHB Randy Bergman 0-0: Called Strike
Randy Boone steals 2nd base
0-1: Called Strike
0-2: Ball
1-2: Foul Ball, location: 2F
1-2: Ball
2-2: Foul Ball, location: 2F
2-2: Hit by Pitch
Batting: RHB Steve Terres 0-0: Fly out, F8 (Line Drive, 8RM, EV 86.9 MPH)
Batting: RHB Andrew DeRicco 0-0: Swinging Strike
0-1: Swinging Strike
0-2: Strikes out looking
Top of the 7th over - 0 runs, 0 hits, 1 error, 2 left on base; Bristol 5 - Billings 1
BOTTOM OF THE 7TH
Billings Mustangs batting - Pitching for Bristol Pirates : RHP Erik Mulligan
Batting: RHB Yutaka Sato 0-0: Called Strike
0-1: Ball
1-1: Ground out 5-3 (Groundball, 56S, EV 80.0 MPH)
Batting: LHB Armando Arellano 0-0: Called Strike
0-1: Foul Ball, location: 2F
0-2: Ball
1-2: Ball
2-2: Foul Ball, location: 2F
2-2: Foul Ball, location: 2F
2-2: Foul Ball, location: 2F
2-2: Foul Ball, location: 2F
2-2: SINGLE (Groundball, 34D, EV 98.8 MPH)
Batting: SHB Gustavo Froio 0-0: Ball
1-0: Called Strike
1-1: Ball
2-1: Ball
3-1: Base on Balls
Armando Arellano to second
Batting: LHB William Matthews 0-0: Ball
1-0: Foul Ball, location: 2F
1-1: Ball
Wild Pitch!
Armando Arellano to third
Gustavo Froio to second
2-1: Ground out 4-3 (Groundball, 4, EV 98.8 MPH)
Armando Arellano scores
Gustavo Froio to third
Batting: LHB Jeremy Robertson 0-0: Ball
1-0: Ball
2-0: Foul Ball, location: 2F
2-1: Ball
3-1: Swinging Strike
3-2: Foul Ball, location: 2F
3-2: Foul Ball, location: 2F
3-2: Foul Ball, location: 2F
3-2: Foul Ball, location: 2F
3-2: Base on Balls
Batting: SHB David Garnica 0-0: Ball
Wild Pitch!
Gustavo Froio scores
Jeremy Robertson to second
1-0: Ball
2-0: Ball
3-0: Called Strike
3-1: Base on Balls
Batting: RHB Jake Savell 0-0: Ball
1-0: Ball
2-0: Foul Ball, location: 2F
2-1: SINGLE (Line Drive, 7S, EV 93.8 MPH)
Jeremy Robertson to third
David Garnica to second
Runner from 3rd tries for Home, SAFE, throw by LF to home
Batting: RHB Andy Bachman 0-0: Ball
Wild Pitch!
David Garnica to third
Jake Savell to second
1-0: Ball
2-0: Ball
3-0: Base on Balls
Batting: RHB Sang-ton Pak 0-0: Called Strike
0-1: Ball
1-1: Ball
2-1: Ball
3-1: Called Strike
3-2: Base on Balls
David Garnica scores
Jake Savell to third
Andy Bachman to second
Batting: RHB Yutaka Sato 0-0: Ball
1-0: Ball
Wild Pitch!
Jake Savell scores
Andy Bachman to third
Sang-ton Pak to second
2-0: Ball
3-0: Called Strike
3-1: Base on Balls
Pitching: RHP Randy Nelligan
Batting: LHB Armando Arellano 0-0: Ball
1-0: Called Strike
1-1: Called Strike
1-2: Ball
2-2: Foul Ball, location: 2F
2-2: Ball
3-2: Foul Ball, location: 2F
3-2: Foul Ball, location: 2F
3-2: Foul Ball, location: 2F
3-2: Base on Balls
Andy Bachman scores
Sang-ton Pak to third
Yutaka Sato to second
Batting: SHB Gustavo Froio 0-0: Called Strike
0-1: DOUBLE (Flyball, 8RXD, EV 95.0 MPH)
Sang-ton Pak scores
Yutaka Sato scores
Armando Arellano to third
Runner from 3rd tries for Home, SAFE, throw by CF to home
Batting: LHB William Matthews 0-0: Ball
1-0: 2-RUN HOME RUN (Flyball, 9D, EV 100.0 MPH), Distance : 391 ft
Batting: LHB Jeremy Robertson 0-0: Called Strike
0-1: Swinging Strike
0-2: Foul Ball, location: 2F
0-2: Ball
1-2: Ball
2-2: SOLO HOME RUN (Flyball, 9D, EV 95.0 MPH), Distance : 376 ft
Batting: SHB David Garnica 0-0: Ball
1-0: SINGLE (Groundball, 25, EV 63.1 MPH) (infield hit)
Batting: RHB Jake Savell 0-0: Ball
1-0: Ball
2-0: Ball
3-0: Base on Balls
David Garnica to second
Batting: RHB Andy Bachman 0-0: Ball
1-0: Called Strike
1-1: Ground out U3 (Groundball, 13, EV 90.0 MPH)
Bottom of the 7th over - 12 runs, 6 hits, 0 errors, 2 left on base; Bristol 5 - Billings 13
TOP OF THE 8TH
Bristol Pirates batting - Pitching for Billings Mustangs : RHP Markus Bevan
Batting: RHB Frank Elizondo 0-0: Ball
1-0: Swinging Strike
1-1: Foul Ball, location: 2F
1-2: Ground out 5-3 (Groundball, 56, EV 93.1 MPH)
Batting: RHB Alain Marquet 0-0: Ground out 5-3 (Groundball, 56, EV 110.6 MPH)
Batting: RHB Rob Colley 0-0: Ball
1-0: Foul Ball, location: 2F
1-1: Swinging Strike
1-2: SINGLE (Flyball, 6D, EV 90.0 MPH)
Batting: SHB Don Hauk 0-0: Ball
1-0: Called Strike
1-1: Called Strike
1-2: Ball
2-2: Foul Ball, location: 2F
2-2: 2-RUN HOME RUN (Flyball, 7D, EV 96.9 MPH), Distance : 362 ft
Batting: RHB Pete Hutton 0-0: Called Strike
0-1: TRIPLE (Line Drive, 8LXD, EV 101.2 MPH)
Batting: LHB Randy Boone 0-0: Ball
1-0: Ball
2-0: Ball
3-0: Called Strike
3-1: Base on Balls
Batting: RHB Randy Bergman 0-0: Ball
1-0: Swinging Strike
1-1: Swinging Strike
1-2: DOUBLE (Groundball, 5L, EV 101.9 MPH)
Pete Hutton scores
Randy Boone to third
Runner from 3rd tries for Home, SAFE, no throw by LF
Batting: RHB Steve Terres 0-0: Ball
1-0: Swinging Strike
1-1: SINGLE (Line Drive, 9LS, EV 103.8 MPH)
Randy Bergman to third
Pitching: RHP Mario Gomez
Batting: RHB Andrew DeRicco 0-0: Foul Ball, location: 2F
0-1: Foul Ball, location: 2F
0-2: Ground out 4-3 (Groundball, 4, EV 90.0 MPH)
Top of the 8th over - 4 runs, 5 hits, 0 errors, 2 left on base; Bristol 9 - Billings 13
BOTTOM OF THE 8TH
Billings Mustangs batting - Pitching for Bristol Pirates : RHP Randy Nelligan
Batting: RHB Sang-ton Pak 0-0: Called Strike
0-1: Swinging Strike
0-2: Strikes out swinging
Batting: RHB Yutaka Sato 0-0: Called Strike
0-1: Swinging Strike
0-2: Strikes out swinging
Batting: LHB Armando Arellano 0-0: Called Strike
0-1: Fly out, F7 (Flyball, 7LS, EV 81.9 MPH)
Bottom of the 8th over - 0 runs, 0 hits, 0 errors, 0 left on base; Bristol 9 - Billings 13
TOP OF THE 9TH
Bristol Pirates batting - Pitching for Billings Mustangs : RHP Mario Gomez
Batting: RHB Frank Elizondo 0-0: Foul Ball, location: 2F
0-1: Foul Ball, location: 2F
0-2: Strikes out swinging
Batting: RHB Alain Marquet 0-0: Foul Ball, location: 2F
0-1: Ball
1-1: Foul Ball, location: 2F
1-2: Ball
2-2: Ball
3-2: Base on Balls
Batting: RHB Rob Colley 0-0: Called Strike
0-1: Ball
1-1: SINGLE (Groundball, 56D, EV 99.4 MPH)
Alain Marquet to second
Batting: SHB Don Hauk 0-0: Called Strike
0-1: Ball
1-1: Fielders Choice at 2nd, 4-6 (Groundball, 4, EV 81.9 MPH)
Alain Marquet to third
Batting: RHB Pete Hutton 0-0: Called Strike
0-1: Ball
1-1: Ball
2-1: Fly out, F7 (Line Drive, 7, EV 91.2 MPH)
Top of the 9th over - 0 runs, 1 hit, 0 errors, 2 left on base; Bristol 9 - Billings 13
Tuesday, September 13th , 2022 - OOTP Baseball 23.7 Build 88